 Dungeon Crawl Stone Soup version 0.27-a0-1191-g601b473118 (webtiles) character file.

Game seed: 1521656853129245796

155 jasper the Stinger (level 5, -2/28 HPs)
             Began as a Deep Elf Venom Mage on May 23, 2021.
             Slain by an orc warrior
             ... wielding a +0 hand axe
              (7 damage)
             ... on level 5 of the Dungeon.
             The game lasted 00:05:30 (3926 turns).

jasper the Stinger (Deep Elf Venom Mage)            Turns: 3926, Time: 00:05:30

Health: -2/28      AC:  6    Str:  5    XL:     5   Next: 14%
Magic:  8/11       EV: 11    Int: 21    God:
Gold:   37         SH:  4    Dex: 15    Spells: 3/10 levels left

rFire    . . .     SeeInvis .   (no weapon)
rCold    . . .     Faith    .   b - +0 buckler
rNeg     . . .     Spirit   .   e - +3 leather armour
rPois    .         Reflect  .   (no helmet)
rElec    .         Harm     .   (no cloak)
rCorr    .         Rampage  .   (no gloves)
Will     .....                  (no boots)
Stlth    ++........             d - amulet of magic regeneration
HPRegen  0.09/turn              (no ring)
MPRegen  0.37/turn              (no ring)

@: no status effects
A: no striking features
a: no special abilities


You were on level 5 of the Dungeon.
You visited 1 branch of the dungeon, and saw 5 of its levels.

You collected 142 gold pieces.
You spent 105 gold pieces at shops.

Inventory:

Missiles
 h - 71 stones
Armour
 a - a +0 robe
 b - a +0 buckler (worn)
 e - a +3 leather armour (worn)
Jewellery
 d - an amulet of magic regeneration (around neck)
Scrolls
 c - 2 scrolls of identify
 f - 3 scrolls of blinking


   Skills:
 - Level 2.4 Dodging
 - Level 2.4 Stealth
 * Level 2.3 Shields
 - Level 3.0 Spellcasting
 - Level 1.1 Transmutations
 + Level 5.4 Poison Magic


You had 3 spell levels left.
You knew the following spells:

 Your Spells              Type           Power      Damage    Failure   Level
a - Sting                 Tmut/Pois      64%        1d6       7%          1
b - Ignite Poison         Fire/Tmut/Pois 12%        N/A       32%         3
c - Mephitic Cloud        Conj/Pois/Air  10%        N/A       36%         3

Your spell library contained the following spells:

 Spells                   Type           Power      Damage    Failure   Level
 Poisonous Vapours        Pois/Air       28%        N/A       14%         2
 Corona                   Hex            3%         N/A       26%         1
 Ensorcelled Hibernation  Hex/Ice        6%         N/A       38%         2
 Confusing Touch          Hex            3%         N/A       63%         3
 Dazzling Flash           Conj/Hex       6%         N/A       63%         3
 Tukima's Dance           Hex            3%         N/A       63%         3
 Olgreb's Toxic Radiance  Pois           25%        N/A       28%         4


Dungeon Overview and Level Annotations

Branches:
Dungeon (5/15)
 Temple: D:4-7

Altars:

Shops:
D:4 ?

Annotations:
D:4 Dowan, Duvessa


Message History

Okay, then.
Aiming: Sting (safe; 7% risk of failure)
Press: ? - help, Q - select action, (/) - cycle Shift-Dir - straight line, f/p - orc warrior
Aim: an orc warrior, wielding a +0 hand axe, wearing a +0 plate armour and quivering stones (heavily wounded, very poisoned, 74% to hit)
The sting hits the orc warrior but does no damage.
The orc warrior looks even sicker.
The orc warrior is heavily wounded.
You now have 9/11 mp.
Aiming: Sting (safe; 7% risk of failure)
Press: ? - help, Q - select action, (/) - cycle Shift-Dir - straight line, f/p - orc warrior
Aim: an orc warrior, wielding a +0 hand axe, wearing a +0 plate armour and quivering stones (heavily wounded, very poisoned, 74% to hit)
The sting hits the orc warrior but does no damage.
The orc warrior looks as sick as possible!
The orc warrior is heavily wounded.
The orc warrior throws a stone.
The stone hits you!
* * * LOW HITPOINT WARNING * * *
You take 7 damage, and have 5/28 hp.
MASSIVE DAMAGE!!
You now have 9/11 mp.
Aiming: Sting (safe; 7% risk of failure)
Press: ? - help, Q - select action, (/) - cycle Shift-Dir - straight line, f/p - orc warrior
Aim: an orc warrior, wielding a +0 hand axe, wearing a +0 plate armour and quivering stones (severely wounded, extremely poisoned, 74% to hit)
The sting hits the orc warrior but does no damage.
The orc warrior looks as sick as possible!
The orc warrior is severely wounded.
The orc warrior misses you.
The orc priest calls upon Beogh to heal the orc warrior.
The orc warrior is healed somewhat.
Aiming: Sting (safe; 7% risk of failure)
Press: ? - help, Q - select action, (/) - cycle Shift-Dir - straight line, f/p - orc warrior
Aim: an orc warrior, wielding a +0 hand axe, wearing a +0 plate armour and quivering stones (severely wounded, very poisoned, 74% to hit)
The sting misses the orc warrior.
The orc warrior closely misses you.
You now have 9/11 mp.
Aiming: Sting (safe; 7% risk of failure)
Press: ? - help, Q - select action, (/) - cycle Shift-Dir - straight line, f/p - orc warrior
Aim: an orc warrior, wielding a +0 hand axe, wearing a +0 plate armour and quivering stones (severely wounded, very poisoned, 74% to hit)
The sting hits the orc warrior but does no damage.
The orc warrior looks as sick as possible!
The orc warrior is severely wounded.
The orc warrior hits you with a +0 hand axe!
You die...

########## #........#
#........# #......o.#
#......o@# ##..#########
#..##..##..##
#....o......# ..
#...........# ....
#.......o...# ....
#'#######..#####....
..............#..#....##+#
..............#..'....+..+


You could see an orc warrior (extremely poisoned) and an orc priest.

Vanquished Creatures
  A gnoll (D:2)
  7 adders
  An adder skeleton (D:4)
  A dart slug (D:1)
  5 orcs (D:3)
  10 ball pythons
  6 endoplasms
  2 giant cockroaches
  A goblin (D:1)
  5 hobgoblins
  7 jackals
  9 kobolds
  A quokka (D:1)
  10 bats
  A frilled lizard (D:1)
  5 rats
72 creatures vanquished.

Notes
Turn   | Place    | Note
-------+----------+-------------------------------------------
     0 | D:1      | jasper the Deep Elf Venom Mage began the quest for the Orb.
     0 | D:1      | Reached XP level 1. HP: 10/10 MP: 6/6
   271 | D:1      | Reached XP level 2. HP: 9/15 MP: 0/8
   476 | D:1      | Reached skill level 4 in Poison Magic
   969 | D:1      | Reached XP level 3. HP: 19/19 MP: 7/9
   974 | D:1      | Learned a level 3 spell: Ignite Poison
   978 | D:1      | Learned a level 3 spell: Mephitic Cloud
  1315 | D:2      | Reached skill level 1 in Shields
  1676 | D:2      | Found a faded altar of an unknown god.
  2004 | D:2      | Reached skill level 5 in Poison Magic
  2004 | D:2      | Reached XP level 4. HP: 24/24 MP: 7/10
  2852 | D:3      | Reached XP level 5. HP: 28/28 MP: 8/11
  3499 | D:4      | Found Totodoz's Magic Scroll Emporium.
  3504 | D:4      | Bought a scroll of blinking for 105 gold pieces
  3575 | D:4      | Noticed Dowan
  3576 | D:4      | Noticed Duvessa
  3595 | D:5      | Entered Level 5 of the Dungeon
  3904 | D:5      | Noticed an orc warrior
  3926 | D:5      | Slain by an orc warrior

Illustrated notes

Levels and vault maps discovered:
D:1:      dpeg_arrival_signposts, layout_basic
D:2:      layout_loops_ring, hellmonk_ecumenical_altar_crossroads,
          cheibrodos_gnoll_hut
D:3:      layout_loops_cross
D:4:      layout_basic, serial_shops, shop, uniq_robin, uniq_duvessa
D:5:      layout_gridville, minmay_temple_entry_large_hall,
          lightli_sewer_entry_pipes, nrook_uturn

Skill      XL: |  1  2  3  4 |
---------------+-------------+-----
Poison Magic   | 4 5 |  5.4
Shields        | 1 2 |  2.3
Dodging        | |  2.4
Stealth        | |  2.4
Spellcasting   | |  3.0
Transmutations | |  1.1

Action                   |  1- 3 |  4- 6 || total
-------------------------+-------+-------++-------
Melee: Unarmed           |     3 |       ||     3
 Cast: Sting             |    85 |    84 ||   169
  Use: Scroll            |     1 |     2 ||     3
       Potion            |       |     1 ||     1
Armor: Robe              |     4 |       ||     4
       Leather armour    |     9 |    17 ||    26
Dodge: Dodged            |    39 |    18 ||    57
Block: Buckler           |    11 |     8 ||    19

Table legend: (Time is in decaauts)
 A = Elapsed time spent in this place.
 B = Non-inter-level travel time spent in this place.
 C = Inter-level travel time spent in this place.
 D = Time resting spent in this place.
 E = Time spent auto-exploring this place.
 F = Levels seen in this place.
 G = Mean time per level.
                   A        B        C        D        E       F      G
               +--------+--------+--------+--------+--------+-----+--------+
         Total |   3925 |   3792 |    133 |    204 |   3057 |   5 |  785.0 |
       Dungeon |   3925 |   3792 |    133 |    204 |   3057 |   5 |  785.0 |
               +--------+--------+--------+--------+--------+-----+--------+

Top non-repeatable levels by time:
     D:1: 1302 daAuts
     D:2: 1074 daAuts
     D:3: 1010 daAuts
     D:5: 330 daAuts
     D:4: 206 daAuts
